 Dungeon Crawl Stone Soup version 0.27.0-1-g7a089689b8 (webtiles) character file.

Game seed: 207757659641488528

326 horus123 the Shield-Bearer (level 6, -4/48 HPs)
             Began as a Human Fighter on Aug 1, 2021.
             Slain by a water moccasin (5 damage)
             ... in a sewer.
             The game lasted 00:07:17 (2913 turns).

horus123 the Shield-Bearer (Human Fighter)          Turns: 2913, Time: 00:07:18

Health: -4/48      AC:  9    Str: 18    XL:     6   Next: 78%
Magic:  6/6        EV:  7    Int:  8    God:
Gold:   152        SH:  9    Dex: 13    Spells: 5/5 levels left

rFire    . . .     SeeInvis .   a - +0 long sword
rCold    . . .     Faith    .   c - +0 kite shield
rNeg     . . .     Spirit   .   b - +0 scale mail
rPois    .         Reflect  .   (no helmet)
rElec    .         Harm     .   e - +1 cloak
rCorr    +         Rampage  .   (no gloves)
Will     .....                  (no boots)
Stlth    ..........             (no amulet)
HPRegen  0.16/turn              f - ring of resist corrosion
MPRegen  0.10/turn              (no ring)

@: lethally poisoned (-4 -> -10), about to teleport
A: hooves 1
a: no special abilities


You were in a sewer.
You visited 1 branch of the dungeon, and saw 3 of its levels.
You also visited: Sewer.

You collected 152 gold pieces.

Inventory:

Hand Weapons
 a - a +0 long sword (weapon)
Armour
 b - a +0 scale mail (worn)
 c - a +0 kite shield (worn)
 e - a +1 cloak (worn)
Jewellery
 f - a ring of resist corrosion (left hand)
 i - a ring of fire
Scrolls
 d - a scroll of identify {unknown}
 k - a scroll of torment {unknown}
 o - a scroll of magic mapping {unknown}
Potions
 h - a potion of attraction {unknown}
 l - a potion of haste {unknown}
 m - a potion of mutation
 n - a potion of flight {unknown}


   Skills:
 + Level 3.8 Fighting
 + Level 4.1 Long Blades
 + Level 4.1 Armour
 + Level 1.1 Dodging
 + Level 0.3 Stealth
 + Level 4.3 Shields


You had 5 spell levels left.
You didn't know any spells.
Your spell library contained the following spells:

 Spells                   Type           Power      Damage    Failure   Level
 Corpse Rot               Necr/Air       N/A        N/A       100%        2
 Poisonous Vapours        Pois/Air       0%         N/A       100%        2
 Ozocubu's Armour         Ice            0%         N/A       100%        3
 Freezing Cloud           Conj/Ice/Air   0%         6-21      100%        5
 Metabolic Englaciation   Hex/Ice        0%         N/A       100%        5
 Simulacrum               Ice/Necr       0%         N/A       100%        6


Dungeon Overview and Level Annotations

Branches:
Dungeon (3/15)              Sewer (1/1)

Altars:


Innate Abilities, Weirdness & Mutations

You have large cloven feet.


Message History

The water moccasin is heavily wounded.
* * * LOW HITPOINT WARNING * * *
You feel very sick.
The water moccasin bites you but does no damage.
The water moccasin bites you.
* * * LOW HITPOINT WARNING * * *
You feel better.
The water moccasin bites you but does no damage. x2
As you read the scroll labelled XIAMMI YC DAOW, it crumbles to dust.
You feel strangely unstable.
It was a scroll of teleportation.
The water moccasin bites you but does no damage.
Found a potion of berserk rage.
You block the water moccasin's attack.
Your surroundings suddenly seem different.
Found four items.
The water moccasin barely misses you. You block the water moccasin's attack.
You see here a book of Winter.
You pick up a book of Winter and begin reading...
You add the spells Ozocubu's Armour, Metabolic Englaciation and Simulacrum to your library.
The water moccasin bites you but does no damage.
The water moccasin barely misses you.
You see here a pink potion.
m - 2 pink potions (gained 1)
The water moccasin bites you but does no damage.
It was a potion of mutation.
You feel extremely strange.
You feel stronger.
Your feet thicken and deform.
You feel weaker. The water moccasin bites you.
* * * LOW HITPOINT WARNING * * *
You are lethally poisoned!
The water moccasin poisons you!
As you read the scroll of teleportation, it crumbles to dust.
You feel strangely unstable.
* * * LOW HITPOINT WARNING * * *
You feel very sick. The water moccasin closely misses you.
The water moccasin bites you.
* * * LOW HITPOINT WARNING * * *
* * * LOW HITPOINT WARNING * * *
You feel sick. The water moccasin bites you.
You die...

#######
##$?.@$##
#..$S$..#
#.......#
#.......#
#.......#
#.......#
##.....##
#######
###.###
#.....##
#.#


You could see a water moccasin.

Vanquished Creatures
  Sigmund (D:2)
  Terence (D:2)
  Natasha (D:2)
  Robin (D:3)
  2 adders (D:3)
  A river rat (D:3)
  A dart slug (D:2)
  9 ball pythons
  9 bats
  7 endoplasms
  2 giant cockroaches (D:3)
  11 hobgoblins
  A kobold (D:1)
  10 quokkas
  4 frilled lizards (D:2)
  9 goblins
  7 rats
77 creatures vanquished.

Notes
Turn   | Place    | Note
-------+----------+-------------------------------------------
     0 | D:1      | horus123 the Human Fighter began the quest for the Orb.
     0 | D:1      | Reached XP level 1. HP: 18/18 MP: 1/1
   218 | D:1      | Reached XP level 2. HP: 23/24 MP: 2/2
   794 | D:2      | Noticed Terence
   797 | D:2      | Reached XP level 3. HP: 28/29 MP: 3/3
   806 | D:2      | Killed Terence
   807 | D:2      | Reached XP level 4. HP: 18/35 MP: 4/4
  1551 | D:2      | Noticed Sigmund
  1572 | D:2      | Killed Sigmund
  1573 | D:2      | Reached skill level 1 in Dodging
  1573 | D:2      | Reached XP level 5. HP: 4/41 MP: 5/5
  1573 | D:2      | Reached XP level 6. HP: 4/47 MP: 6/6
  2003 | D:2      | Noticed Natasha
  2009 | D:2      | Killed Natasha
  2337 | D:3      | Noticed Robin
  2358 | D:3      | Killed Robin
  2641 | D:3      | Found a glowing drain.
  2692 | Sewer    | Entered a sewer
  2869 | Sewer    | Noticed a water moccasin
  2911 | Sewer    | Gained mutation: Your muscles are strong. (Str +2) [potion
                  | of mutation]
  2911 | Sewer    | Gained mutation: You have large cloven feet. [potion of
                  | mutation]
  2911 | Sewer    | Lost mutation: Your muscles are strong. (Str +2) [potion of
                  | mutation]
  2912 | Sewer    | HP: 2/48 [water moccasin (4)]
  2913 | Sewer    | Slain by a water moccasin

Illustrated notes

Levels and vault maps discovered:
D:1:      erik_arrival_triangle_small, layout_basic
D:2:      layout_basic, corner_web_ring, grunt_ministairs_9, minmay_tall_x,
          uniq_sigmund, uniq_natasha, uniq_terence
D:3:      layout_basic, portal_sewer_entry_c, minivault_14, uniq_robin
Sewer:    sewer_big_baddie

Skill      XL: |  1  2  3  4  5  6 |
---------------+-------------------+-----
Long Blades    | 3 4 |  4.1
Armour         | 4 |  4.1
Dodging        | 1 |  1.1
Shields        | 4 |  4.3
Fighting       | |  3.8
Stealth        | |  0.3

Action                   |  1- 3 |  4- 6 || total
-------------------------+-------+-------++-------
Melee: Long sword        |    43 |   220 ||   263
  Use: Potion            |       |     4 ||     4
       Scroll            |       |     2 ||     2
Armor: Scale mail        |    34 |   167 ||   201
Dodge: Dodged            |    22 |    98 ||   120
Block: Kite shield       |    25 |   148 ||   173
       Rpst.: Long sword |     8 |    27 ||    35
